Kings vs Flyers
Created - November 23, 2019 at 22:41
Goals
|
Kings |
0 |
2 |
1 |
3 |
Flyers |
4 |
1 |
2 |
7 |
|
Shots
|
Kings |
7 |
12 |
9 |
28 |
Flyers |
15 |
7 |
10 |
32 |
|
1st period
1. Flyers , Chris Mcallister 4 (Matthew Lombardi 2, Ryan Callahan 2) at 5:11
2. Flyers , Chris Mcallister 5 (Ryan Callahan 3) at 6:56
3. Flyers , Mats Zuccarello 4 (J.T. Miller 5, Jeff Woywitka 6) at 8:01 (PP)
4. Flyers , Marcus Kruger 8 (Mats Zuccarello 10, J.T. Miller 6) at 8:17
Penalties :
Matt Martin (LAK) for Roughing (Minor) at 7:13, Jonathan Ericsson (Phi) for Fighting (Major) at 8:21, Matt Martin (LAK) for Fighting (Major) at 8:21, Darnell Nurse (LAK) for High sticking (Minor) at 15:41
2nd period
5. Kings , Maxim Afinogenov 8 (Daniel Carcillo 7, Jordan Nolan 10) at 1:30
6. Flyers , Chris Mcallister 6 (Ryan Callahan 4, Nathan Beaulieu 3) at 5:16
7. Kings , Daniel Carcillo 5 (Matt Stajan 2) at 10:12
Penalties :
Matt Smaby (Phi) for Holding (Minor) at 12:33, Jeff Woywitka (Phi) for Hooking (Minor) at 17:24
3rd period
8. Kings , Claude Giroux 12 (Radko Gudas 6) at 2:57
9. Flyers , Oliver Ekman-Larsson 1 (J.T. Miller 7, Mats Zuccarello 11) at 8:08 (PP)
10. Flyers , Matthew Lombardi 3 (Chris Mcallister 4, Tomas Kubalik 4) at 12:12
Penalties :
Matt Martin (LAK) for Tripping (Minor) at 0:22, Matt Smaby (Phi) for Hooking (Minor) at 3:12, Matt Martin (LAK) for Hooking (Minor) at 7:22, Brent Burns (LAK) for Tripping (Minor) at 9:23, Jakub Voracek (Phi) for Boarding (Minor) at 17:04
Goalie Stats
Antti Niemi (LAK), 22 saves from 25 shots - (0.880), 51:43 minutes
Philipp Grubauer (LAK), 3 saves from 7 shots - (0.429), L, 6-4-0, 8:17 minutes
Steve Mason (Phi), 25 saves from 28 shots - (0.893), W, 6-6-0, 60:00 minutes
Players Stats for Kings
Player Name G A P +/- PIM S H SB GA TA FO MP PP MP PK MP
------------------------------------------------------------------------------------
Anze Kopitar 0 0 0 -1 0 1 4 1 0 0 12/27 23:15 4:47 2:00
Brent Burns 0 0 0 0 2 2 0 0 0 2 0/0 19:59 2:28 2:10
Claude Giroux 1 0 1 0 0 5 1 0 2 0 1/3 23:23 4:47 2:00
Dan Hamhuis 0 0 0 -1 0 0 1 0 0 1 0/0 14:25 0:00 0:33
Daniel Carcillo 1 1 2 1 0 3 2 0 0 0 0/0 14:53 3:09 0:46
Darnell Nurse 0 0 0 -1 2 1 2 1 0 0 0/0 21:27 2:28 3:45
Darroll Powe 0 0 0 -2 0 0 0 1 0 0 0/0 6:40 0:00 0:00
Hampus Lindholm 0 0 0 -1 0 3 0 2 0 0 0/0 22:06 5:28 1:48
Jimmy Hayes 0 0 0 0 0 0 0 0 0 0 0/0 0:00 0:00 0:00
Jon Merrill 0 0 0 -1 0 0 2 5 0 0 0/0 18:15 0:00 4:23
Jordan Nolan 0 1 1 -1 0 2 1 1 0 0 3/10 17:20 4:40 0:00
Kevin Hayes 0 0 0 -2 0 1 1 2 0 0 0/2 19:00 3:09 0:00
Loui Eriksson 0 0 0 -1 0 1 2 0 0 0 0/0 10:42 0:00 0:00
Matt Martin 0 0 0 0 11 0 1 0 0 0 1/1 14:14 0:00 0:00
Matt Stajan 0 1 1 1 0 2 0 0 0 0 13/20 19:06 3:09 4:45
Maxim Afinogenov 1 0 1 1 0 5 0 1 1 0 0/0 16:21 0:07 4:45
Peter Worrell 0 0 0 -2 0 0 1 0 0 0 0/0 7:31 0:00 0:46
Radko Gudas 0 1 1 0 0 2 1 0 0 1 0/0 23:46 5:28 2:23
Players Stats for Flyers
Player Name G A P +/- PIM S H SB GA TA FO MP PP MP PK MP
------------------------------------------------------------------------------------
Brian Lashoff 0 0 0 1 0 1 0 0 0 0 0/0 17:16 0:39 5:20
Brock Nelson 0 0 0 -1 0 1 0 1 0 0 0/0 12:53 0:00 0:00
Chris Mcallister 3 1 4 3 0 5 0 0 0 0 1/1 11:43 0:00 5:08
Drew Miller 0 0 0 0 0 0 1 0 0 0 0/3 18:25 3:46 1:37
J.T. Miller 0 3 3 1 0 2 2 0 0 0 1/1 16:48 3:45 1:06
Jakub Voracek 0 0 0 0 2 1 0 0 1 0 1/1 16:32 3:46 0:00
Jeff Carter 0 0 0 0 0 2 1 0 1 0 9/16 16:46 3:46 0:00
Jeff Woywitka 0 1 1 0 2 1 0 2 0 1 0/0 20:31 3:52 3:47
Jonathan Ericsson 0 0 0 0 5 0 2 0 0 0 0/0 20:03 4:31 0:07
Kyle Wellwood 0 0 0 -1 0 6 4 0 0 0 4/11 15:36 0:00 2:08
Marcus Kruger 1 0 1 0 0 3 0 0 1 0 11/17 16:29 3:45 0:52
Mats Zuccarello 1 2 3 0 0 1 3 1 0 1 1/1 15:28 3:45 0:00
Matt Smaby 0 0 0 0 4 1 0 0 0 0 0/0 19:14 0:00 2:05
Matthew Lombardi 1 1 2 3 0 2 3 0 0 0 5/12 11:51 0:00 5:01
Nathan Beaulieu 0 1 1 1 0 0 0 0 0 0 0/0 20:54 3:00 2:04
Oliver Ekman-Larsson 1 0 1 1 0 1 2 1 0 1 0/0 22:04 3:00 2:29
Ryan Callahan 0 3 3 3 0 1 0 0 0 0 0/0 6:33 0:00 0:00
Tomas Kubalik 0 1 1 -1 0 4 2 1 1 0 0/0 12:53 0:00 0:00
3 Stars
1 - Chris Mcallister (Phi)
2 - Matthew Lombardi (Phi)
3 - Mats Zuccarello (Phi)
Power Play
Kings - 0 on 4 Attempt(s) - 0.00%
Flyers - 2 on 5 Attempt(s) - 40.00%
Penalty Kill
Kings - 3 on 5 Attempt(s) - 60.00%
- Score 0 goal in Penalty Kill
Flyers - 4 on 4 Attempt(s) - 100.00%
- Score 0 goal in Penalty Kill
Team Stat
Kings - Hits : 19 - Faceoff Wins : 30 - Blocked Shots : 14 - Penalty Minutes : 15
Flyers - Hits : 20 - Faceoff Wins : 33 - Blocked Shots : 6 - Penalty Minutes : 13
Official
Referees : Unknown
Linesman : Unknown
Game Notes
Antti Niemi enters game at 8:17 of 1st period
Matt Martin beats up Jonathan Ericsson at 8:21 of 1st period
Chris Mcallister has scored a Hat Trick!
Finance
Level 1 -- Attendance: 4142 (69.03%) -- Ticket Income $517,750
Level 2 -- Attendance: 3824 (76.48%) -- Ticket Income $286,800
Level 3 -- Attendance: 1470 (73.50%) -- Ticket Income $73,500
Level 4 -- Attendance: 2442 (61.05%) -- Ticket Income $97,680
Luxury Box -- Attendance: 924 (92.40%) -- Ticket Income $166,320
Game was played at the Wells Fargo Center.
Total Attendance: 12802 (71.12%)
Total Ticket Income: $1,142,050
Other Income: $171,308
Total Income: $1,313,358
Kings
5 vs 5 Forward
Center Left Wing Right Wing Time % Phy DF OF
1 Anze Kopitar Matt Martin Claude Giroux 40 1 2 2
2 Jordan Nolan Loui Eriksson Kevin Hayes 30 1 2 2
3 Matt Stajan Daniel Carcillo Maxim Afinogenov 25 1 2 2
4 Darroll Powe Peter Worrell Kevin Hayes 5 3 2 0
5 vs 5 Defense
Defense Defense Time % Phy DF OF
1 Hampus Lindholm Radko Gudas 35 1 3 1
2 Brent Burns Darnell Nurse 35 1 3 1
3 Dan Hamhuis Jon Merrill 30 1 3 1
4 Darnell Nurse Radko Gudas 0 1 2 2
PowerPlay Forward
Center Left Wing Right Wing Time % Phy DF OF
1 Anze Kopitar Jordan Nolan Claude Giroux 60 1 1 3
2 Matt Stajan Daniel Carcillo Kevin Hayes 40 1 1 3
PowerPlay Defense
Defense Defense Time % Phy DF OF
1 Hampus Lindholm Radko Gudas 60 0 2 3
2 Darnell Nurse Brent Burns 40 0 2 3
Penalty Kill 4 Players Forward
Center Wing Time % Phy DF OF
1 Matt Stajan Maxim Afinogenov 60 1 3 1
2 Claude Giroux Anze Kopitar 40 1 3 1
Penalty Kill 4 Players Defense
Defense Defense Time % Phy DF OF
1 Darnell Nurse Jon Merrill 60 1 4 0
2 Radko Gudas Brent Burns 40 1 4 0
Penalty Kill - 3 Players Forward
Forward Time % Phy DF OF
1 Claude Giroux 60 1 3 1
2 Anze Kopitar 40 1 3 1
Penalty Kill - 3 Players Defense
Defense Defense Time % Phy DF OF
1 Jon Merrill Darnell Nurse 60 1 4 0
2 Brent Burns Radko Gudas 40 1 4 0
4 vs 4 Forward
Center Wing Time % Phy DF OF
1 Claude Giroux Anze Kopitar 60 1 2 2
2 Jordan Nolan Maxim Afinogenov 40 1 1 3
4 vs 4 Defense
Defense Defense Time % Phy DF OF
1 Brent Burns Radko Gudas 60 1 2 2
2 Hampus Lindholm Jon Merrill 40 1 2 2
Last Minutes Offensive
Center Left Wing Right Wing Defense Defense
Anze Kopitar Matt Martin Claude Giroux Hampus Lindholm Brent Burns
Last Minutes Defensive
Center Left Wing Right Wing Defense Defense
Anze Kopitar Matt Martin Claude Giroux Jon Merrill Radko Gudas
Goaltenders
Starting : Philipp Grubauer
Backup : Antti Niemi
Extra Forwards
Normal : Anze Kopitar, Jordan Nolan, Matt Stajan - PP : Maxim Afinogenov, Jimmy Hayes - PK : Daniel Carcillo
Extra Defensemen
Normal : Hampus Lindholm, Brent Burns, Radko Gudas - PP : Jon Merrill - PK : Hampus Lindholm, Dan Hamhuis
Penalty Shots
Claude Giroux, Loui Eriksson, Anze Kopitar, Jordan Nolan, Matt Martin
Scratches
Martin Jones (Healthy)
Flyers
5 vs 5 Forward
Center Left Wing Right Wing Time % Phy DF OF
1 Jeff Carter Drew Miller Jakub Voracek 30 0 1 4
2 Marcus Kruger J.T. Miller Mats Zuccarello 30 0 1 4
3 Kyle Wellwood Brock Nelson Tomas Kubalik 30 0 2 3
4 Matthew Lombardi Chris Mcallister Ryan Callahan 10 1 3 1
5 vs 5 Defense
Defense Defense Time % Phy DF OF
1 Matt Smaby Jonathan Ericsson 40 1 2 2
2 Nathan Beaulieu Oliver Ekman-Larsson 30 1 2 2
3 Brian Lashoff Jeff Woywitka 20 1 2 2
4 Oliver Ekman-Larsson Jeff Woywitka 10 1 2 2
PowerPlay Forward
Center Left Wing Right Wing Time % Phy DF OF
1 Jeff Carter Drew Miller Jakub Voracek 60 0 0 5
2 Marcus Kruger J.T. Miller Mats Zuccarello 40 0 0 5
PowerPlay Defense
Defense Defense Time % Phy DF OF
1 Jonathan Ericsson Jeff Woywitka 60 0 2 3
2 Oliver Ekman-Larsson Nathan Beaulieu 40 0 2 3
Penalty Kill 4 Players Forward
Center Wing Time % Phy DF OF
1 Matthew Lombardi Chris Mcallister 60 0 4 1
2 Kyle Wellwood Drew Miller 40 0 4 1
Penalty Kill 4 Players Defense
Defense Defense Time % Phy DF OF
1 Brian Lashoff Jeff Woywitka 60 1 4 0
2 Matt Smaby Oliver Ekman-Larsson 40 1 4 0
Penalty Kill - 3 Players Forward
Forward Time % Phy DF OF
1 Matthew Lombardi 60 0 4 1
2 Kyle Wellwood 40 0 4 1
Penalty Kill - 3 Players Defense
Defense Defense Time % Phy DF OF
1 Brian Lashoff Jeff Woywitka 60 1 4 0
2 Matt Smaby Oliver Ekman-Larsson 40 1 4 0
4 vs 4 Forward
Center Wing Time % Phy DF OF
1 Jeff Carter J.T. Miller 60 0 2 3
2 Marcus Kruger Drew Miller 40 0 2 3
4 vs 4 Defense
Defense Defense Time % Phy DF OF
1 Jonathan Ericsson Matt Smaby 60 0 3 2
2 Nathan Beaulieu Oliver Ekman-Larsson 40 0 3 2
Last Minutes Offensive
Center Left Wing Right Wing Defense Defense
Jeff Carter Drew Miller Jakub Voracek Oliver Ekman-Larsson Jeff Woywitka
Last Minutes Defensive
Center Left Wing Right Wing Defense Defense
Jeff Carter Drew Miller Jakub Voracek Oliver Ekman-Larsson Jeff Woywitka
Goaltenders
Starting : Steve Mason
Backup : Cam Ward
Extra Forwards
Normal : Jeff Carter, Chris Mcallister, Kyle Wellwood - PP : Jeff Carter, Chris Mcallister - PK : Kyle Wellwood
Extra Defensemen
Normal : Brian Lashoff, Nathan Beaulieu, Matt Smaby - PP : Brian Lashoff - PK : Nathan Beaulieu, Matt Smaby
Penalty Shots
Jeff Carter, Jakub Voracek, J.T. Miller, Kyle Wellwood, Ryan Callahan
Scratches
Tyler Brenner (Healthy)
% Time on Ice - Kings
Lines # - Real PCT - Wanted PCT - Time Play
Normal Forward
1 - 37% - 40% - 16:20
2 - 25% - 30% - 11:03
3 - 24% - 25% - 10:30
4 - 15% - 5% - 6:40
Normal Defense
1 - 33% - 35% - 14:50
2 - 34% - 35% - 15:22
3 - 31% - 30% - 13:52
4 - 1% - 0% - 0:29
PP Forward
1 - 60% - 60% - 4:47
2 - 40% - 40% - 3:09
PP Defense
1 - 69% - 60% - 5:28
2 - 31% - 40% - 2:28
PK Forward
1 - 73% - 60% - 5:31
2 - 27% - 40% - 2:00
PK Defense
1 - 71% - 60% - 5:22
2 - 29% - 40% - 2:09
PK3 Forward
1 - 0% - 60%
2 - 0% - 40%
PK3 Defense
1 - 0% - 60%
2 - 0% - 40%
44 Forward
1 - 0% - 60%
2 - 0% - 40%
44 Defense
1 - 0% - 60%
2 - 0% - 40%
Last Minute Offensive - 0:00
Last Minute Defensive - 0:00
Total
Forward - 60:00
Defense - 60:00
|
% Time on Ice - Flyers
Lines # - Real PCT - Wanted PCT - Time Play
Normal Forward
1 - 29% - 30% - 13:04
2 - 27% - 30% - 12:03
3 - 29% - 30% - 12:53
4 - 15% - 10% - 6:33
Normal Defense
1 - 42% - 40% - 18:47
2 - 31% - 30% - 13:56
3 - 21% - 20% - 9:15
4 - 6% - 10% - 2:35
PP Forward
1 - 50% - 60% - 3:46
2 - 50% - 40% - 3:45
PP Defense
1 - 60% - 60% - 4:31
2 - 40% - 40% - 3:00
PK Forward
1 - 80% - 60% - 6:19
2 - 20% - 40% - 1:37
PK Defense
1 - 69% - 60% - 5:27
2 - 31% - 40% - 2:29
PK3 Forward
1 - 0% - 60%
2 - 0% - 40%
PK3 Defense
1 - 0% - 60%
2 - 0% - 40%
44 Forward
1 - 0% - 60%
2 - 0% - 40%
44 Defense
1 - 0% - 60%
2 - 0% - 40%
Last Minute Offensive - 0:00
Last Minute Defensive - 0:00
Total
Forward - 60:00
Defense - 60:00
|
Play-by-Play
1st period
0:01 of 1st period - Jeff Carter wins face-off versus Anze Kopitar in neutral zone.
0:08 of 1st period - Wrist shot by Jeff Carter.
0:08 of 1st period - Shot Misses the Net.
0:17 of 1st period - Off-side.
0:18 of 1st period - Marcus Kruger wins face-off versus Jordan Nolan in neutral zone.
0:21 of 1st period - Kevin Hayes is hit by J.T. Miller and loses puck.
0:26 of 1st period - Wrist shot by J.T. Miller.
0:26 of 1st period - Shot Misses the Net.
0:44 of 1st period - Tomas Kubalik is hit by Darnell Nurse and loses puck.
1:15 of 1st period - Snap shot by Anze Kopitar.
1:15 of 1st period - Shot Misses the Net.
2:32 of 1st period - Wrist shot by Matthew Lombardi.
2:32 of 1st period - Stopped by Philipp Grubauer with a rebound.
3:53 of 1st period - Wrist shot by Kyle Wellwood.
3:53 of 1st period - Shot Blocked by Jordan Nolan.
3:55 of 1st period - Slapshot by Brian Lashoff.
3:55 of 1st period - Deflect By Kyle Wellwood.
3:55 of 1st period - Stopped by Philipp Grubauer with a rebound.
3:57 of 1st period - Backhand shot by Brian Lashoff.
3:57 of 1st period - Shot Misses the Net.
3:59 of 1st period - Slapshot by Brian Lashoff.
3:59 of 1st period - Shot Misses the Net.
5:09 of 1st period - Snap shot by Chris Mcallister.
5:09 of 1st period - Shot Misses the Net.
5:11 of 1st period - Snap shot by Matthew Lombardi.
5:11 of 1st period - Deflect By Chris Mcallister.
5:11 of 1st period - Goal by Chris Mcallister - Kings : 0 - Flyers : 1.
5:12 of 1st period - Jeff Carter wins face-off versus Anze Kopitar in neutral zone.
6:54 of 1st period - Wrist shot by Chris Mcallister.
6:54 of 1st period - Shot Misses the Net.
6:56 of 1st period - Wrist shot by Chris Mcallister.
6:56 of 1st period - Goal by Chris Mcallister - Kings : 0 - Flyers : 2.
6:57 of 1st period - Kyle Wellwood wins face-off versus Anze Kopitar in neutral zone.
7:13 of 1st period - Minor Penalty to Matt Martin for Roughing.
7:14 of 1st period - Matt Stajan wins face-off versus Drew Miller in Kings zone.
7:24 of 1st period - Snap shot by Matt Stajan.
7:24 of 1st period - Stopped by Steve Mason without a rebound.
7:25 of 1st period - Jakub Voracek wins face-off versus Matt Stajan in Flyers zone.
7:30 of 1st period - Maxim Afinogenov is hit by Drew Miller and loses puck.
7:37 of 1st period - Snap shot by Jeff Carter.
7:37 of 1st period - Shot Blocked by Darnell Nurse.
8:01 of 1st period - Backhand shot by Mats Zuccarello.
8:01 of 1st period - Goal by Mats Zuccarello - Kings : 0 - Flyers : 3.
8:02 of 1st period - Marcus Kruger wins face-off versus Jordan Nolan in neutral zone.
8:05 of 1st period - Slapshot by Mats Zuccarello.
8:05 of 1st period - Deflect By J.T. Miller.
8:05 of 1st period - Stopped by Philipp Grubauer without a rebound.
8:06 of 1st period - Marcus Kruger wins face-off versus Jordan Nolan in Kings zone.
8:13 of 1st period - Wrist shot by Mats Zuccarello.
8:13 of 1st period - Shot Misses the Net.
8:15 of 1st period - Slapshot by Mats Zuccarello.
8:15 of 1st period - Shot Misses the Net.
8:17 of 1st period - Wrist shot by Marcus Kruger.
8:17 of 1st period - Goal by Marcus Kruger - Kings : 0 - Flyers : 4.
8:17 of 1st period - Antti Niemi enters game.
8:18 of 1st period - Anze Kopitar wins face-off versus Jeff Carter in neutral zone.
8:20 of 1st period - Off-side.
8:21 of 1st period - Anze Kopitar wins face-off versus Jeff Carter in neutral zone.
8:21 of 1st period - Matt Martin beats up Jonathan Ericsson.
8:21 of 1st period - Penalty to Jonathan Ericsson for Fighting.
8:21 of 1st period - Penalty to Matt Martin for Fighting.
8:22 of 1st period - Anze Kopitar wins face-off versus Jeff Carter in neutral zone.
8:27 of 1st period - Snap shot by Anze Kopitar.
8:27 of 1st period - Stopped by Steve Mason without a rebound.
8:28 of 1st period - Anze Kopitar wins face-off versus Drew Miller in Flyers zone.
8:29 of 1st period - Wrist shot by Claude Giroux.
8:29 of 1st period - Stopped by Steve Mason without a rebound.
8:30 of 1st period - Anze Kopitar wins face-off versus Jeff Carter in Flyers zone.
8:33 of 1st period - Slapshot by Anze Kopitar.
8:33 of 1st period - Shot Misses the Net.
8:57 of 1st period - Snap shot by Jakub Voracek.
8:57 of 1st period - Shot Blocked by Hampus Lindholm.
8:59 of 1st period - Slapshot by Matt Smaby.
8:59 of 1st period - Stopped by Antti Niemi with a rebound.
9:01 of 1st period - Snap shot by Brian Lashoff.
9:01 of 1st period - Stopped by Antti Niemi without a rebound.
9:02 of 1st period - Matt Stajan wins face-off versus Kyle Wellwood in Kings zone.
9:11 of 1st period - Wrist shot by Maxim Afinogenov.
9:11 of 1st period - Stopped by Steve Mason without a rebound.
9:12 of 1st period - Matt Stajan wins face-off versus Kyle Wellwood in Flyers zone.
9:25 of 1st period - Snap shot by Tomas Kubalik.
9:25 of 1st period - Stopped by Antti Niemi without a rebound.
9:26 of 1st period - Marcus Kruger wins face-off versus Jordan Nolan in Kings zone.
9:53 of 1st period - Anze Kopitar is hit by Kyle Wellwood and loses puck.
12:14 of 1st period - Wrist shot by Maxim Afinogenov.
12:14 of 1st period - Shot Misses the Net.
12:49 of 1st period - Jakub Voracek is hit by Daniel Carcillo.
12:50 of 1st period - Icing by Jakub Voracek.
12:51 of 1st period - Matt Stajan wins face-off versus Jeff Carter in Flyers zone.
13:18 of 1st period - Kevin Hayes is hit by Oliver Ekman-Larsson and loses puck.
13:38 of 1st period - Jon Merrill is hit by Tomas Kubalik and loses puck.
13:47 of 1st period - Snap shot by Kyle Wellwood.
13:47 of 1st period - Shot Blocked by Jon Merrill.
14:51 of 1st period - Loui Eriksson is hit by Jonathan Ericsson and loses puck.
14:56 of 1st period - Wrist shot by Tomas Kubalik.
14:56 of 1st period - Stopped by Antti Niemi with a rebound.
15:41 of 1st period - Minor Penalty to Darnell Nurse for High sticking.
15:42 of 1st period - Matt Stajan wins face-off versus Jeff Carter in Kings zone.
15:57 of 1st period - Wrist shot by Matt Stajan.
15:57 of 1st period - Stopped by Steve Mason with a rebound.
16:45 of 1st period - Slapshot by Brent Burns.
16:45 of 1st period - Deflect By Nathan Beaulieu.
16:45 of 1st period - Stopped by Steve Mason with a rebound.
16:59 of 1st period - Nathan Beaulieu is hit by Peter Worrell and loses puck.
17:16 of 1st period - Jon Merrill is hit by Jeff Carter and loses puck.
17:35 of 1st period - Hampus Lindholm is hit by Mats Zuccarello and loses puck.
17:41 of 1st period - Penalty to Darnell Nurse is over, Darnell Nurse is back on ice.
17:52 of 1st period - Oliver Ekman-Larsson is hit by Anze Kopitar and loses puck.
18:20 of 1st period - Kyle Wellwood is hit by Jordan Nolan.
18:35 of 1st period - Slapshot by Kyle Wellwood.
18:35 of 1st period - Stopped by Antti Niemi with a rebound.
18:37 of 1st period - Snap shot by Tomas Kubalik.
18:37 of 1st period - Stopped by Antti Niemi with a rebound.
18:41 of 1st period - Wrist shot by Kyle Wellwood.
18:41 of 1st period - Shot Blocked by Jon Merrill.
18:43 of 1st period - Slapshot by Brock Nelson.
18:43 of 1st period - Shot Blocked by Kevin Hayes.
18:49 of 1st period - Snap shot by Kyle Wellwood.
18:49 of 1st period - Stopped by Antti Niemi without a rebound.
18:50 of 1st period - Anze Kopitar wins face-off versus Marcus Kruger in Kings zone.
18:57 of 1st period - Jonathan Ericsson is hit by Claude Giroux and loses puck.
19:23 of 1st period - Snap shot by Chris Mcallister.
19:23 of 1st period - Stopped by Antti Niemi without a rebound.
19:24 of 1st period - Jordan Nolan wins face-off versus Matthew Lombardi in Kings zone.
19:29 of 1st period - Slapshot by Darnell Nurse.
19:29 of 1st period - Stopped by Steve Mason with a rebound.
Goals for this period are 0 for Kings vs 4 for Flyers.
Shots for this period are 7 for Kings vs 15 for Flyers.
2nd period
0:01 of 2nd period - Marcus Kruger wins face-off versus Jordan Nolan in neutral zone.
0:01 of 2nd period - Marcus Kruger is hit by Loui Eriksson.
0:11 of 2nd period - Wrist shot by J.T. Miller.
0:11 of 2nd period - Shot Blocked by Kevin Hayes.
0:27 of 2nd period - Jeff Carter is hit by Matt Martin and loses puck.
0:57 of 2nd period - Matt Martin is hit by Matthew Lombardi and loses puck.
1:12 of 2nd period - Slapshot by Jordan Nolan.
1:12 of 2nd period - Stopped by Steve Mason with a rebound.
1:30 of 2nd period - Wrist shot by Daniel Carcillo.
1:30 of 2nd period - Deflect By Maxim Afinogenov.
1:30 of 2nd period - Goal by Maxim Afinogenov - Kings : 1 - Flyers : 4.
1:31 of 2nd period - Marcus Kruger wins face-off versus Jordan Nolan in neutral zone.
1:34 of 2nd period - Hampus Lindholm is hit by Jonathan Ericsson and loses puck.
1:57 of 2nd period - Drew Miller is hit by Radko Gudas and loses puck.
2:23 of 2nd period - Brent Burns is hit by Matthew Lombardi and loses puck.
2:50 of 2nd period - Kevin Hayes is hit by Kyle Wellwood and loses puck.
3:33 of 2nd period - Wrist shot by Marcus Kruger.
3:33 of 2nd period - Stopped by Antti Niemi with a rebound.
5:12 of 2nd period - Snap shot by Ryan Callahan.
5:12 of 2nd period - Stopped by Antti Niemi with a rebound.
5:14 of 2nd period - Slapshot by Nathan Beaulieu.
5:14 of 2nd period - Shot Blocked by Darroll Powe.
5:16 of 2nd period - Snap shot by Ryan Callahan.
5:16 of 2nd period - Deflect By Chris Mcallister.
5:16 of 2nd period - Goal by Chris Mcallister - Kings : 1 - Flyers : 5.
5:17 of 2nd period - Matt Martin wins face-off versus Drew Miller in neutral zone.
5:34 of 2nd period - Wrist shot by Matt Martin.
5:34 of 2nd period - Shot Misses the Net.
6:10 of 2nd period - Wrist shot by Maxim Afinogenov.
6:10 of 2nd period - Stopped by Steve Mason without a rebound.
6:11 of 2nd period - Matt Stajan wins face-off versus Kyle Wellwood in Flyers zone.
6:16 of 2nd period - Slapshot by Daniel Carcillo.
6:16 of 2nd period - Shot Misses the Net.
6:18 of 2nd period - Wrist shot by Maxim Afinogenov.
6:18 of 2nd period - Stopped by Steve Mason without a rebound.
6:19 of 2nd period - Jeff Carter wins face-off versus Jordan Nolan in Flyers zone.
6:24 of 2nd period - Snap shot by Jakub Voracek.
6:24 of 2nd period - Stopped by Antti Niemi with a rebound.
6:46 of 2nd period - J.T. Miller is hit by Anze Kopitar.
8:09 of 2nd period - Radko Gudas is hit by Mats Zuccarello and loses puck.
8:28 of 2nd period - Slapshot by Matthew Lombardi.
8:28 of 2nd period - Shot Blocked by Hampus Lindholm.
8:52 of 2nd period - Wrist shot by Daniel Carcillo.
8:52 of 2nd period - Stopped by Steve Mason without a rebound.
8:53 of 2nd period - Jeff Carter wins face-off versus Matt Stajan in Flyers zone.
9:30 of 2nd period - Snap shot by Kyle Wellwood.
9:30 of 2nd period - Stopped by Antti Niemi with a rebound.
9:32 of 2nd period - Snap shot by Brock Nelson.
9:32 of 2nd period - Deflect By Kyle Wellwood.
9:32 of 2nd period - Stopped by Antti Niemi without a rebound.
9:33 of 2nd period - Claude Giroux wins face-off versus Marcus Kruger in Kings zone.
10:00 of 2nd period - Jonathan Ericsson is hit by Darnell Nurse.
10:06 of 2nd period - Snap shot by Jordan Nolan.
10:06 of 2nd period - Shot Misses the Net.
10:08 of 2nd period - Snap shot by Loui Eriksson.
10:08 of 2nd period - Deflect By Jordan Nolan.
10:08 of 2nd period - Shot Blocked by Jeff Woywitka.
10:08 of 2nd period - Puck is out of play.
10:09 of 2nd period - Matt Stajan wins face-off versus Kyle Wellwood in Flyers zone.
10:10 of 2nd period - Wrist shot by Daniel Carcillo.
10:10 of 2nd period - Shot Blocked by Oliver Ekman-Larsson.
10:12 of 2nd period - Wrist shot by Daniel Carcillo.
10:12 of 2nd period - Goal by Daniel Carcillo - Kings : 2 - Flyers : 5.
10:13 of 2nd period - Marcus Kruger wins face-off versus Kevin Hayes in neutral zone.
10:40 of 2nd period - Matt Smaby is hit by Jon Merrill and loses puck.
10:47 of 2nd period - Dan Hamhuis is hit by Oliver Ekman-Larsson and loses puck.
11:00 of 2nd period - Wrist shot by Claude Giroux.
11:00 of 2nd period - Shot Blocked by Brock Nelson.
11:22 of 2nd period - Chris Mcallister is hit by Jon Merrill.
12:06 of 2nd period - Wrist shot by J.T. Miller.
12:06 of 2nd period - Deflect By Mats Zuccarello.
12:06 of 2nd period - Shot Misses the Net.
12:06 of 2nd period - Puck is out of play.
12:07 of 2nd period - Anze Kopitar wins face-off versus Marcus Kruger in Kings zone.
12:14 of 2nd period - Slapshot by Brent Burns.
12:14 of 2nd period - Stopped by Steve Mason with a rebound.
12:33 of 2nd period - Minor Penalty to Matt Smaby for Holding.
12:34 of 2nd period - Matthew Lombardi wins face-off versus Anze Kopitar in Flyers zone.
12:42 of 2nd period - Snap shot by Claude Giroux.
12:42 of 2nd period - Shot Misses the Net.
12:44 of 2nd period - Slapshot by Radko Gudas.
12:44 of 2nd period - Stopped by Steve Mason without a rebound.
12:45 of 2nd period - Anze Kopitar wins face-off versus Matthew Lombardi in Flyers zone.
13:18 of 2nd period - Slapshot by Hampus Lindholm.
13:18 of 2nd period - Stopped by Steve Mason with a rebound.
14:21 of 2nd period - Oliver Ekman-Larsson is hit by Daniel Carcillo and loses puck.
14:33 of 2nd period - Penalty to Matt Smaby is over, Matt Smaby is back on ice.
14:50 of 2nd period - Snap shot by Jeff Carter.
14:50 of 2nd period - Stopped by Antti Niemi with a rebound.
15:48 of 2nd period - Jeff Carter is hit by Dan Hamhuis.
16:09 of 2nd period - Off-side.
16:10 of 2nd period - Matthew Lombardi wins face-off versus Anze Kopitar in neutral zone.
17:24 of 2nd period - Minor Penalty to Jeff Woywitka for Hooking.
17:25 of 2nd period - Jordan Nolan wins face-off versus Matthew Lombardi in Flyers zone.
17:31 of 2nd period - Slapshot by Hampus Lindholm.
17:31 of 2nd period - Stopped by Steve Mason without a rebound.
17:32 of 2nd period - Anze Kopitar wins face-off versus Matthew Lombardi in Flyers zone.
17:57 of 2nd period - Brian Lashoff is hit by Anze Kopitar and loses puck.
18:14 of 2nd period - Snap shot by Jordan Nolan.
18:14 of 2nd period - Shot Misses the Net.
18:16 of 2nd period - Slapshot by Radko Gudas.
18:16 of 2nd period - Stopped by Steve Mason with a rebound.
18:18 of 2nd period - Snap shot by Jordan Nolan.
18:18 of 2nd period - Stopped by Steve Mason without a rebound.
18:19 of 2nd period - Matt Stajan wins face-off versus Kyle Wellwood in Flyers zone.
18:24 of 2nd period - Wrist shot by Daniel Carcillo.
18:24 of 2nd period - Deflect By Kevin Hayes.
18:24 of 2nd period - Shot Misses the Net.
18:24 of 2nd period - Puck is out of play.
18:25 of 2nd period - Kyle Wellwood wins face-off versus Matt Stajan in Flyers zone.
18:42 of 2nd period - Kevin Hayes is hit by Kyle Wellwood and loses puck.
18:57 of 2nd period - Slapshot by Hampus Lindholm.
18:57 of 2nd period - Deflect By Matt Stajan.
18:57 of 2nd period - Shot Misses the Net.
18:57 of 2nd period - Puck is out of play.
18:58 of 2nd period - Anze Kopitar wins face-off versus Matthew Lombardi in Flyers zone.
19:09 of 2nd period - Chris Mcallister is hit by Anze Kopitar and loses puck.
19:24 of 2nd period - Penalty to Jeff Woywitka is over, Jeff Woywitka is back on ice.
19:24 of 2nd period - Daniel Carcillo is hit by Kyle Wellwood and loses puck.
19:49 of 2nd period - Claude Giroux is hit by Mats Zuccarello and loses puck.
Goals for this period are 2 for Kings vs 1 for Flyers.
Shots for this period are 12 for Kings vs 7 for Flyers.
3rd period
0:01 of 3rd period - Jeff Carter wins face-off versus Anze Kopitar in neutral zone.
0:16 of 3rd period - Snap shot by Jeff Carter.
0:16 of 3rd period - Stopped by Antti Niemi with a rebound.
0:22 of 3rd period - Minor Penalty to Matt Martin for Tripping.
0:23 of 3rd period - Jeff Carter wins face-off versus Matt Stajan in Kings zone.
1:06 of 3rd period - Snap shot by Jeff Carter.
1:06 of 3rd period - Shot Misses the Net.
1:08 of 3rd period - Slapshot by Jeff Woywitka.
1:08 of 3rd period - Deflect By Jakub Voracek.
1:08 of 3rd period - Shot Misses the Net.
1:08 of 3rd period - Puck is out of play.
1:09 of 3rd period - Matt Stajan wins face-off versus Marcus Kruger in Kings zone.
1:22 of 3rd period - Snap shot by Marcus Kruger.
1:22 of 3rd period - Stopped by Antti Niemi without a rebound.
1:23 of 3rd period - Matt Stajan wins face-off versus Marcus Kruger in Kings zone.
1:54 of 3rd period - Wrist shot by Anze Kopitar.
1:54 of 3rd period - Shot Misses the Net.
2:22 of 3rd period - Penalty to Matt Martin is over, Matt Martin is back on ice.
2:57 of 3rd period - Slapshot by Claude Giroux.
2:57 of 3rd period - Goal by Claude Giroux - Kings : 3 - Flyers : 5.
2:58 of 3rd period - J.T. Miller wins face-off versus Anze Kopitar in neutral zone.
3:01 of 3rd period - Slapshot by Matt Smaby.
3:01 of 3rd period - Shot Blocked by Jon Merrill.
3:12 of 3rd period - Minor Penalty to Matt Smaby for Hooking.
3:13 of 3rd period - Anze Kopitar wins face-off versus Matthew Lombardi in Flyers zone.
3:21 of 3rd period - Snap shot by Claude Giroux.
3:21 of 3rd period - Stopped by Steve Mason with a rebound.
3:23 of 3rd period - Slapshot by Jordan Nolan.
3:23 of 3rd period - Deflect By Claude Giroux.
3:23 of 3rd period - Shot Misses the Net.
3:23 of 3rd period - Puck is out of play.
3:24 of 3rd period - Matthew Lombardi wins face-off versus Anze Kopitar in Flyers zone.
3:44 of 3rd period - Icing by Hampus Lindholm.
3:45 of 3rd period - Matthew Lombardi wins face-off versus Anze Kopitar in Kings zone.
4:00 of 3rd period - Wrist shot by Claude Giroux.
4:00 of 3rd period - Deflect By Brian Lashoff.
4:00 of 3rd period - Shot Misses the Net.
4:00 of 3rd period - Puck is out of play.
4:01 of 3rd period - Matthew Lombardi wins face-off versus Matt Stajan in Flyers zone.
4:36 of 3rd period - Wrist shot by Claude Giroux.
4:36 of 3rd period - Stopped by Steve Mason with a rebound.
5:12 of 3rd period - Penalty to Matt Smaby is over, Matt Smaby is back on ice.
6:15 of 3rd period - Icing by Jon Merrill.
6:16 of 3rd period - Kyle Wellwood wins face-off versus Anze Kopitar in Kings zone.
6:17 of 3rd period - Snap shot by Tomas Kubalik.
6:17 of 3rd period - Shot Misses the Net.
6:19 of 3rd period - Slapshot by Matt Smaby.
6:19 of 3rd period - Shot Blocked by Jon Merrill.
6:21 of 3rd period - Snap shot by Matt Smaby.
6:21 of 3rd period - Shot Blocked by Jon Merrill.
6:29 of 3rd period - Slapshot by Kyle Wellwood.
6:29 of 3rd period - Stopped by Antti Niemi with a rebound.
6:31 of 3rd period - Wrist shot by Kyle Wellwood.
6:31 of 3rd period - Shot Blocked by Anze Kopitar.
6:49 of 3rd period - Backhand shot by Matt Stajan.
6:49 of 3rd period - Shot Misses the Net.
7:01 of 3rd period - Snap shot by Mats Zuccarello.
7:01 of 3rd period - Shot Misses the Net.
7:09 of 3rd period - Wrist shot by Loui Eriksson.
7:09 of 3rd period - Stopped by Steve Mason without a rebound.
7:10 of 3rd period - Marcus Kruger wins face-off versus Anze Kopitar in Flyers zone.
7:22 of 3rd period - Minor Penalty to Matt Martin for Hooking.
7:23 of 3rd period - Matt Stajan wins face-off versus Jeff Carter in Kings zone.
7:54 of 3rd period - Off-side.
7:55 of 3rd period - Marcus Kruger wins face-off versus Claude Giroux in neutral zone.
8:04 of 3rd period - Snap shot by Mats Zuccarello.
8:04 of 3rd period - Shot Misses the Net.
8:06 of 3rd period - Snap shot by J.T. Miller.
8:06 of 3rd period - Shot Misses the Net.
8:08 of 3rd period - Slapshot by Oliver Ekman-Larsson.
8:08 of 3rd period - Goal by Oliver Ekman-Larsson - Kings : 3 - Flyers : 6.
8:09 of 3rd period - Anze Kopitar wins face-off versus Kyle Wellwood in neutral zone.
8:41 of 3rd period - Slapshot by Daniel Carcillo.
8:41 of 3rd period - Stopped by Steve Mason with a rebound.
8:43 of 3rd period - Slapshot by Daniel Carcillo.
8:43 of 3rd period - Shot Blocked by Tomas Kubalik.
8:45 of 3rd period - Wrist shot by Darnell Nurse.
8:45 of 3rd period - Shot Misses the Net.
8:47 of 3rd period - Wrist shot by Maxim Afinogenov.
8:47 of 3rd period - Stopped by Steve Mason without a rebound.
8:48 of 3rd period - Jeff Carter wins face-off versus Kevin Hayes in Flyers zone.
9:05 of 3rd period - Jakub Voracek is hit by Loui Eriksson and loses puck.
9:23 of 3rd period - Minor Penalty to Brent Burns for Tripping.
9:24 of 3rd period - Jeff Carter wins face-off versus Matt Stajan in Kings zone.
9:52 of 3rd period - Wrist shot by J.T. Miller.
9:52 of 3rd period - Stopped by Antti Niemi with a rebound.
9:54 of 3rd period - Wrist shot by J.T. Miller.
9:54 of 3rd period - Shot Blocked by Maxim Afinogenov.
9:56 of 3rd period - Slapshot by Jeff Woywitka.
9:56 of 3rd period - Shot Misses the Net.
9:58 of 3rd period - Slapshot by Jeff Woywitka.
9:58 of 3rd period - Stopped by Antti Niemi without a rebound.
9:59 of 3rd period - Marcus Kruger wins face-off versus Matt Stajan in Kings zone.
10:42 of 3rd period - Snap shot by Oliver Ekman-Larsson.
10:42 of 3rd period - Shot Misses the Net.
11:07 of 3rd period - Icing by Oliver Ekman-Larsson.
11:08 of 3rd period - Matt Stajan wins face-off versus Marcus Kruger in Flyers zone.
11:22 of 3rd period - Off-side.
11:23 of 3rd period - Penalty to Brent Burns is over, Brent Burns is back on ice.
11:23 of 3rd period - Jeff Carter wins face-off versus Anze Kopitar in neutral zone.
11:50 of 3rd period - Kevin Hayes is hit by Tomas Kubalik.
11:56 of 3rd period - Wrist shot by Brock Nelson.
11:56 of 3rd period - Stopped by Antti Niemi with a rebound.
12:10 of 3rd period - Snap shot by Chris Mcallister.
12:10 of 3rd period - Shot Misses the Net.
12:12 of 3rd period - Slapshot by Matthew Lombardi.
12:12 of 3rd period - Goal by Matthew Lombardi - Kings : 3 - Flyers : 7.
12:13 of 3rd period - Mats Zuccarello wins face-off versus Anze Kopitar in neutral zone.
12:53 of 3rd period - Nathan Beaulieu is hit by Kevin Hayes and loses puck.
13:06 of 3rd period - Slapshot by Hampus Lindholm.
13:06 of 3rd period - Stopped by Steve Mason without a rebound.
13:07 of 3rd period - Matt Stajan wins face-off versus Kyle Wellwood in Flyers zone.
13:59 of 3rd period - Dan Hamhuis is hit by J.T. Miller and loses puck.
14:42 of 3rd period - Wrist shot by Chris Mcallister.
14:42 of 3rd period - Stopped by Antti Niemi without a rebound.
14:43 of 3rd period - Jordan Nolan wins face-off versus Matthew Lombardi in Kings zone.
15:15 of 3rd period - Wrist shot by Claude Giroux.
15:15 of 3rd period - Shot Misses the Net.
15:53 of 3rd period - Snap shot by Kevin Hayes.
15:53 of 3rd period - Stopped by Steve Mason with a rebound.
16:18 of 3rd period - Off-side.
16:19 of 3rd period - Marcus Kruger wins face-off versus Anze Kopitar in neutral zone.
16:26 of 3rd period - Slapshot by Hampus Lindholm.
16:26 of 3rd period - Shot Misses the Net.
16:28 of 3rd period - Backhand shot by Anze Kopitar.
16:28 of 3rd period - Shot Blocked by Mats Zuccarello.
16:30 of 3rd period - Snap shot by Claude Giroux.
16:30 of 3rd period - Stopped by Steve Mason with a rebound.
17:04 of 3rd period - Minor Penalty to Jakub Voracek for Boarding.
17:05 of 3rd period - Chris Mcallister wins face-off versus Anze Kopitar in Flyers zone.
17:14 of 3rd period - Anze Kopitar is hit by Matthew Lombardi.
17:36 of 3rd period - Slapshot by Brent Burns.
17:36 of 3rd period - Shot Blocked by Jeff Woywitka.
19:04 of 3rd period - Penalty to Jakub Voracek is over, Jakub Voracek is back on ice.
19:38 of 3rd period - Wrist shot by Tomas Kubalik.
19:38 of 3rd period - Stopped by Antti Niemi without a rebound.
19:39 of 3rd period - Kyle Wellwood wins face-off versus Claude Giroux in Kings zone.
19:52 of 3rd period - Snap shot by Brock Nelson.
19:52 of 3rd period - Shot Misses the Net.
Goals for this period are 1 for Kings vs 2 for Flyers.
Shots for this period are 9 for Kings vs 10 for Flyers.
Back to the Top